Map: Echo LE

Players

Laufeyson - Winner!

  • Race: Terran Terran
  • Spawn Location: 5:00

Sinistro

  • Race: Zerg Zerg
  • Spawn Location: 11:00

Event: LycanGTV LotV Beta Tournament 1

VOD

Have the link to the VOD?

Description

Time

  • Played on: April 2, 2015, 12:18 p.m.
  • Length: 11:50
Show
View Real Time Build Order
Export as new Build Order

Laufeyson Terran - Winner!

Build Orders: Hellion Banshee, Mech 

Get SALT Encoding   

  12  0:01  SCV  
  13  0:13  SCV  
  14  0:20  Supply Depot  
  14  0:25  SCV  
  15  0:41  SCV  
  16  0:43  Barracks  
  16  0:47  Refinery  
  16  0:55  SCV  
  17  1:07  SCV  
  18  1:19  SCV  
  19  1:29  Marine  
  20  1:33  Orbital Command  
  20  1:44  Command Center  
  20  1:50  Marine  
  21  2:00  SCV  
  22  2:01  Bunker  
  22  2:16  Barracks Reactor  
  22  2:17  SCV, Factory  
  22  2:30  Refinery  
  22  2:34  Supply Depot  
  22  2:35  SCV  
  23  2:56  SCV  
  24  3:03  Barracks Tech Lab, Starport  
  24  3:04  Orbital Command  
  24  3:07  Hellion x2  
  24  3:08  SCV  
  29  3:20  SCV  
  30  3:31  Hellion x2  
  34  3:35  SCV  
  34  3:36  SCV  
  36  3:46  Supply Depot  
  36  3:48  SCV, Cloaking Field  
  38  3:49  Banshee  
  38  3:53  Hellion x2  
  44  4:06  SCV  
  45  4:10  SCV  
  45  4:11  Armory  
  45  4:13  Supply Depot  
  46  4:19  SCV, Hellion x2  
  46  4:23  SCV  
  52  4:31  SCV  
  53  4:34  Banshee  
  53  4:35  Supply Depot  
  56  4:40  SCV  
  56  4:43  SCV, Hellion x2  
  62  4:57  SCV  
  62  4:58  Supply Depot  
  59  5:15  Hellion x2  
  63  5:21  SCV  
  63  5:22  SCV, Banshee  
  68  5:35  SCV x2  
  57  5:39  Command Center, Factory  
  57  5:40  Factory  
  51  5:47  SCV  
  52  5:50  Hellion x2, Refinery  
  52  5:56  SCV  
  57  5:58  Refinery  
  57  6:04  Barracks Tech Lab  
  57  6:07  SCV, Hellion x2  
  57  6:08  SCV  
  59  6:11  Terran Vehicle and Ship Weapons Level 1  
  59  6:13  Supply Depot  
  59  6:14  Supply Depot  
  59  6:16  Factory  
  59  6:20  SCV  
  59  6:21  SCV  
  59  6:22  Banshee, Hellion x2  
  59  6:23  Factory Tech Lab  
  59  6:24  Factory Tech Lab  
  68  6:38  SCV x2  
  70  6:46  Siege Tank x2  
  76  6:48  Hellion x2  
  76  6:49  Supply Depot  
  80  6:58  SCV x2  
  80  7:09  Banshee  
  80  7:10  SCV x2  
  85  7:17  Missile Turret  
  85  7:20  Missile Turret  
  85  7:21  Factory Tech Lab  
  85  7:25  Missile Turret  
  85  7:29  Cyclone x2  
  91  7:30  Hellion x2, Orbital Command  
  91  7:31  Missile Turret  
  91  7:34  SCV x2  
  97  7:46  SCV x2  
  97  7:47  Supply Depot  
  98  7:58  SCV  
  98  8:01  Siege Tank  
  98  8:05  SCV x2, Thor  
  109  8:06  Hellion x2, Refinery  
  109  8:10  SCV  
  109  8:11  Refinery  
  114  8:18  SCV x2  
  114  8:19  Terran Vehicle and Ship Weapons Level 2  
  116  8:22  SCV  
  116  8:23  Missile Turret  
  117  8:27  Supply Depot  
  117  8:30  Supply Depot  
  117  8:31  Supply Depot  
  117  8:40  Infernal Pre-Igniter  
  117  8:42  Hellion x2  
  117  8:43  Hellion  
  117  8:44  Hellion  
  125  8:49  SCV x3  
  128  8:56  Supply Depot x2  
  128  8:58  Banshee, Siege Tank  
  128  8:59  Supply Depot  
  128  9:00  Supply Depot  
  134  9:04  SCV x3  
  135  9:12  Armory  
  135  9:14  Siege Tank  
  135  9:16  Hellion x2  
  142  9:34  SCV x2, Hellion x2  
  142  9:38  Hellion, Refinery  
  146  9:40  Command Center, Refinery  
  141  9:54  SCV  
  138  10:00  SCV  
  138  10:01  Siege Tank x3  
  138  10:02  Hellion x2  
  149  10:12  SCV x2  
  151  10:16  Banshee  
  151  10:17  SCV  
  146  10:31  Hellion x2  
  146  10:33  Hellion, Siege Tank  
  147  10:37  SCV x3  
  147  10:38  Hellion  
  147  10:42  Factory  
  152  10:43  Command Center, Factory  
  152  10:46  Factory  
  152  10:53  Hellion  
  137  11:13  Hellion x2  
  137  11:14  Hellion x3  
  136  11:28  Factory Tech Lab x2  
  136  11:30  Factory Tech Lab  
Show
View Real Time Build Order
Export as new Build Order

Sinistro Zerg 

Build Orders: Pool First 

Get SALT Encoding   

  12  0:10  Overlord  
  12  0:12  Drone  
  13  0:25  Drone  
  14  0:39  Spawning Pool  
  14  0:40  Drone  
  14  0:41  Extractor  
  13  0:44  Drone  
  13  0:49  Drone  
  15  0:55  Drone  
  16  1:06  Drone  
  17  1:25  Hatchery  
  17  1:30  Zergling x2  
  17  1:33  Zergling x2  
  17  1:38  Drone  
  19  1:56  Queen  
  19  1:57  Metabolic Boost  
  21  2:02  Drone  
  22  2:10  Overlord  
  22  2:28  Overlord  
  22  2:31  Drone x2  
  24  2:40  Drone, Roach Warren  
  24  2:44  Zergling x2  
  24  2:48  Drone  
  26  2:52  Drone  
  27  3:05  Queen  
  29  3:09  Drone  
  29  3:11  Drone  
  31  3:14  Drone, Extractor  
  31  3:23  Drone x3  
  34  3:31  Lair  
  34  3:36  Drone x2  
  36  3:45  Drone x2  
  36  3:46  Overlord  
  38  3:50  Roach  
  38  3:53  Roach  
  42  3:57  Roach  
  42  4:08  Roach x3  
  48  4:19  Drone x2  
  48  4:20  Overlord  
  50  4:25  Spore Crawler  
  50  4:28  Spore Crawler, Drone x2  
  50  4:29  Drone  
  51  4:31  Overlord  
  51  4:38  Extractor  
  51  4:39  Overlord  
  51  4:40  Overlord  
  51  4:44  Ravager x2  
  52  4:47  Roach x2  
  57  4:53  Ravager  
  57  5:03  Evolution Chamber  
  57  5:05  Spine Crawler  
  55  5:11  Ravager  
  47  5:28  Roach  
  47  5:29  Roach x3  
  47  5:35  Roach x4  
  60  5:38  Queen  
  60  5:42  Roach x2  
  65  5:48  Drone  
  65  5:49  Evolution Chamber  
  65  5:50  Drone  
  65  5:51  Evolution Chamber, Drone  
  65  5:52  Drone x4  
  70  5:58  Zerg Missile Weapons Level 1  
  70  6:07  Ravager  
  70  6:13  Spore Crawler, Extractor  
  66  6:28  Zerg Ground Armor Level 1  
  66  6:35  Queen  
  65  6:40  Queen  
  65  6:41  Drone x2  
  69  6:48  Spore Crawler  
  68  6:54  Drone  
  68  6:55  Drone  
  70  7:11  Drone x4, Hydralisk Den, Queen  
  75  7:33  Infestation Pit  
  74  7:43  Hydralisk x3  
  80  7:55  Hatchery  
  72  8:09  Overseer  
  72  8:10  Overseer  
  70  8:17  Drone x4  
  70  8:18  Hydralisk x5  
  84  8:29  Spawning Pool  
  84  8:32  Spore Crawler  
  82  8:36  Hydralisk  
  84  9:09  Hatchery  
  83  9:12  Zerg Missile Weapons Level 2  
  83  9:13  Zerg Ground Armor Level 2  
  83  9:22  Drone  
  84  9:24  Overlord x4  
  84  9:44  Roach x2  
  84  9:45  Roach x5  
  84  10:08  Pneumatized Carapace  
  84  10:14  Drone x3  
  70  10:29  Roach x10  
  60  10:39  Roach  
  60  10:40  Roach x2  
  66  10:43  Drone x2  
  66  10:48  Roach  
  70  11:01  Roach x4  
  70  11:13  Drone x2  
  64  11:32  Drone x3  
  61  11:35  Drone x6  
  61  11:36  Drone  

Tags
 
Add a new tag
Caveats
  • Supply blocks, unpowered buildings, or Contaminate may cause inaccurate times.
  • Supply counts are checked every 10 seconds.